 Dungeon Crawl Stone Soup version 0.18-a0-1643-gb89d9db (webtiles) character file.

10219 Oddball22 the Fighter (level 11, -1/92 HPs)
             Began as a Demonspawn Monk on Mar 28, 2016.
             Was a Priest of Ru.
             Succumbed to Mandevil's ghost's poison
             ... on level 10 of the Dungeon.
             The game lasted 00:33:36 (12313 turns).

Oddball22 the Fighter (Demonspawn Monk)            Turns: 12313, Time: 00:33:37

Health: -1/92      AC: 11    Str: 11    XL:     11   Next: 33%
Magic:  10/20      EV: 20    Int: 12    God:    Ru [***...]
Gold:   520        SH:  2    Dex: 23    Spells: 0 memorised, 22 levels left

rFire  + . .     SeeInvis .     K - +4 scimitar (flame)
rCold  . . .     Gourm    .     C - +1 robe {MR+}
rNeg   + . .     Faith    .     (no shield)
rPois  .         Spirit   +     (helmet unavailable)
rElec  .         Dismiss  .     H - +0 cloak
rCorr  .         Reflect  +     (no gloves)
SustAt .         Harm     .     q - +0 pair of boots (curse)
MR     +....                    I - +2 amulet of reflection
Stlth  ++........               o - +4 ring of dexterity
                                j - ring of protection from fire

@: lethally poisoned (-1 -> -44), slowed, very slow, somewhat resistant to
hostile enchantments, unstealthy
A: horns 3, iridescent scales 2, negative energy resistance 1, magic shield,
inability to use devices
a: Sacrifice Words, Sacrifice Experience, Sacrifice Love, Reject Sacrifices,
Draw Out Power, Renounce Religion


You were on level 10 of the Dungeon.
You worshipped Ru.
Ru was most pleased with you.
You were very hungry.

You visited 2 branches of the dungeon, and saw 11 of its levels.

You collected 520 gold pieces.

Inventory:

Hand Weapons
 e - a +1 mace of protection
 x - a +0 short sword of venom
 A - a +2 flail of draining
 K - a +4 scimitar of flaming (weapon)
Missiles
 S - 38 bolts
Armour
 q - a cursed +0 pair of boots (worn)
 C - a +1 robe of magic resistance (worn)
 H - a +0 cloak (worn)
 L - a +2 robe of cold resistance
Jewellery
 j - a ring of protection from fire (left hand)
 o - a +4 ring of dexterity (right hand)
 I - a +2 amulet of reflection (around neck)
 Q - a cursed amulet of dismissal
Scrolls
 a - a scroll of enchant weapon {unknown}
 d - 11 scrolls of remove curse
 f - 2 scrolls of identify
 h - 2 scrolls of fear {unknown}
 i - 2 scrolls of teleportation
 l - 2 scrolls of magic mapping
 t - a scroll of immolation {unknown}
 v - 2 scrolls of blinking {unknown}
 w - 2 scrolls of random uselessness {unknown}
 y - 3 scrolls of amnesia {unknown}
 z - 3 scrolls of enchant armour {unknown}
 D - a scroll of brand weapon {unknown}
 J - a scroll of recharging {unknown}
 N - a scroll of torment {unknown}
 R - a scroll of fog {unknown}
Potions
 g - 2 potions of curing
 m - 2 potions of cure mutation
 n - a potion of haste
 r - a potion of resistance
 s - 3 potions of mutation
 B - 2 potions of agility
 E - a potion of invisibility
 M - a potion of brilliance
 P - a potion of lignification
Books
 G - a book of Ice

   Spells                             Type                      Level
   a - Ice Form                       Ice/Transmutation            4
   b - Metabolic Englaciation         Hexes/Ice                    5
   c - Ozocubu's Refrigeration        Ice                          6
   d - Bolt of Cold                   Conjuration/Ice              6
   e - Freezing Cloud                 Conjuration/Ice/Air          6
   f - Simulacrum                     Ice/Necromancy               6
Comestibles
 b - 13 bread rations
 c - 6 fruits
 k - 4 meat rations
 p - 5 beef jerkies
 O - 5 slices of pizza


   Skills:
 + Level 10.7 Fighting
 + Level 8.3 Dodging
 - Level 1.7 Stealth
 * Level 9.7 Unarmed Combat
 + Level 6.2 Spellcasting


You had 22 spell levels left.
You didn't know any spells.

Dungeon Overview and Level Annotations

Branches:
Dungeon (10/15)            Temple (1/1) D:5            Lair (0/8) D:10
    Orc (0/2) D:9

Altars:
Ashenzari
Cheibriados
Dithmenos
Elyvilon
Fedhas
Gozag
Kikubaaqudgha
Makhleb
Nemelex Xobeh
Okawaru
Pakellas
Qazlal
Ru
Sif Muna
Trog
Vehumet
Xom
Yredelemnul
Zin
The Shining One

Shops:
D:7 [

Annotations:
D:10 Mandevil's ghost, journeyman FoAM


Innate Abilities, Weirdness & Mutations

You have a pair of large horns on your head.
You are mostly covered in iridescent scales (AC +6).
You resist negative energy.
When hurt, damage is shared between your health and your magic reserves.
You cannot study or use magical devices.


Message History

You feel extremely sick.
Mandevil's ghost wails, "They lied to you.
The Dungeon just goes down and down forever."
Mandevil's ghost completely misses you.
Mandevil's ghost gestures at you while chanting.
You feel as though you will be slow longer.
You hit Mandevil's ghost but do no damage.
You headbutt Mandevil's ghost, but do no damage.
Mandevil's ghost is almost destroyed.
* * * LOW HITPOINT WARNING * * *
You feel extremely sick.
Mandevil's ghost hits you but does no damage.
You are more poisoned.
Mandevil's ghost points at you and mumbles some strange words.
You easily resist.
Mandevil's ghost casts a spell at you.
You easily resist.
You hit Mandevil's ghost. You burn Mandevil's ghost.
You headbutt Mandevil's ghost, but do no damage.
Mandevil's ghost is almost destroyed.
You die...

#.# #.# #...###
#####.##### #.# ###.#
#.........#
#.#######..#
#.........#
#....[....##
#.........#
#.<...#####
#.........# #.....#
#.........# #.#####
### #....<#.#######[#
#.. #######...W@..#.#
#.. #######.#.# #..
#.##.#.# #.. #....#.#
#.. ###.####.# #.#
#....# #.###### #.#
#....###......#####.#
#...................#
###.#.##......#######


You could see Mandevil's ghost.

Vanquished Creatures
  Erica (D:8)
  2 hill giants (D:10)
  Maurice (D:8)
  Joseph (D:9)
  A troll (D:9)
  2 two-headed ogres (D:10)
  Prince Ribbit (D:9)
  11 yaks
  Sigmund (D:5)
  A wraith (D:10)
  Eustachio (D:3)
  2 hungry ghosts
  2 hogs (D:9)
  A human (D:9)
  A hippogriff (D:8)
  Duvessa (D:7)
  A water moccasin (D:8)
  4 orc warriors
  2 phantoms
  6 ogres
  3 centaurs
  A big kobold (D:8)
  7 giant frogs
  Dowan (D:7)
  5 scorpions
  4 killer bees (D:9)
  13 wights
  A howler monkey (D:7)
  A crimson imp (D:10)
  3 jellies
  A quasit (D:7)
  6 orc priests
  2 giant frog skeletons
  4 hounds
  Jessica (D:3)
  6 worker ants
  2 iguanas
  17 orc wizards
  A sheep (D:9)
  2 hound skeletons
  A worker ant zombie (D:8)
  6 gnolls
  A howler monkey skeleton (D:9)
  9 adders
  A shadow imp (D:7)
  An ooze (D:2)
  2 worms
  A dart slug (D:3)
  9 giant geckos
  26 orcs
  9 bats
  8 giant cockroaches
  5 goblins
  7 hobgoblins
  7 jackals (D:3)
  5 kobolds
  4 quokkas
  3 ball pythons
  A giant gecko skeleton (D:4)
  A jackal zombie (D:7)
  9 rats
  A plant (D:10)
241 creatures vanquished.

Vanquished Creatures (others)
  A howler monkey (D:6)
  A hound (D:7)
  A lightning spire (D:6)
  A kobold (D:8)
  A bush (D:6)
  3 plants (D:10)
8 creatures vanquished.

Grand Total: 249 creatures vanquished

Notes
Turn   | Place    | Note
--------------------------------------------------------------
     0 | D:1      | Oddball22 the Demonspawn Monk began the quest for the Orb.
     0 | D:1      | Reached XP level 1. HP: 18/18 MP: 1/1
   445 | D:1      | Gained mutation: You are partially covered in iridescent scales (AC +4). [demonic ancestry]
   445 | D:1      | Reached XP level 2. HP: 24/24 MP: 2/2
   966 | D:2      | Gained mutation: You have a pair of small horns on your head. [demonic ancestry]
   966 | D:2      | Reached XP level 3. HP: 15/29 MP: 3/3
  1732 | D:3      | Gained mutation: You are mostly covered in iridescent scales (AC +6). [demonic ancestry]
  1732 | D:3      | Reached XP level 4. HP: 32/35 MP: 4/4
  1921 | D:3      | Noticed Jessica
  1929 | D:3      | Killed Jessica
  2030 | D:3      | Noticed a moth of wrath
  2033 | D:3      | Found a bloodstained altar of Trog.
  2226 | D:4      | Reached XP level 5. HP: 21/42 MP: 5/5
  2280 | D:3      | Reached skill level 4 in Fighting
  2860 | D:4      | Reached skill level 5 in Unarmed Combat
  2912 | D:4      | Reached XP level 6. HP: 38/49 MP: 6/6
  3129 | D:4      | Noticed Eustachio
  3224 | D:3      | Reached skill level 5 in Fighting
  3288 | D:3      | Killed Eustachio
  3511 | D:4      | Reached XP level 7. HP: 50/56 MP: 7/7
  3568 | D:4      | Found an opulent altar of Gozag.
  3750 | D:4      | Reached skill level 6 in Fighting
  4142 | D:4      | Reached skill level 5 in Dodging
  4666 | D:5      | Entered Level 5 of the Dungeon
  4877 | D:5      | Found a staircase to the Ecumenical Temple.
  4886 | Temple   | Entered the Ecumenical Temple
  5214 | D:5      | Gained mutation: When hurt, damage is shared between your health and your magic reserves. [demonic ancestry]
  5214 | D:5      | Reached XP level 8. HP: 65/65 MP: 8/8
  5257 | D:5      | Reached skill level 7 in Fighting
  5311 | D:5      | Reached skill level 1 in Spellcasting
  5332 | D:5      | Noticed Sigmund
  5363 | D:5      | Killed Sigmund
  5944 | D:6      | Reached skill level 8 in Fighting
  5969 | D:6      | Gained mutation: You have a pair of horns on your head. [demonic ancestry]
  5969 | D:6      | Reached XP level 9. HP: 60/74 MP: 12/12
  6099 | D:6      | Found a sacrificial altar of Ru.
  6107 | D:6      | Became a worshipper of Ru the Awakened
  6132 | D:6      | Gained mutation: You cannot study or use magical devices. [Ru sacrifice]
  6132 | D:6      | Reached * piety under Ru
  6132 | D:6      | Reached ** piety under Ru
  6132 | D:6      | Reached *** piety under Ru
  6228 | D:6      | Found an oddly glowing altar of Pakellas.
  6229 | D:6      | Noticed a gargoyle
  6290 | D:6      | Found a shimmering altar of Xom.
  6333 | D:6      | Found a white marble altar of Elyvilon.
  6361 | D:6      | Found a deep blue altar of Sif Muna.
  6472 | D:7      | Noticed Duvessa
  6481 | D:7      | Noticed Dowan
  6504 | D:7      | Killed Duvessa
  6506 | D:7      | Killed Dowan
  6688 | D:7      | Found Natogez's Armour Shop.
  6963 | D:7      | Found a basalt altar of Yredelemnul.
  7030 | D:7      | Reached skill level 9 in Fighting
  7477 | D:8      | Noticed Maurice
  7732 | D:8      | Killed Maurice
  8416 | D:8      | Gained mutation: You have a pair of large horns on your head. [demonic ancestry]
  8416 | D:8      | Reached XP level 10. HP: 68/84 MP: 13/16
  8524 | D:8      | Found a radiant altar of Vehumet.
  8613 | D:8      | Found a blossoming altar of Fedhas.
  8616 | D:8      | Found a shattered altar of Ashenzari.
  8622 | D:8      | Found a shadowy altar of Dithmenos.
  8625 | D:8      | Found an oddly glowing altar of Pakellas.
  8695 | D:8      | Noticed Erica
  8710 | D:8      | Killed Erica
  8710 | D:8      | Reached skill level 10 in Fighting
  9023 | D:9      | Noticed Prince Ribbit
  9062 | D:9      | Killed Prince Ribbit
  9456 | D:9      | Reached skill level 5 in Spellcasting
  9649 | D:9      | Noticed Joseph
  9674 | D:9      | Killed Joseph
  9912 | D:9      | Found a staircase to the Orcish Mines.
 10318 | D:10     | Entered Level 10 of the Dungeon
 10699 | D:10     | Gained mutation: You resist negative energy. [demonic ancestry]
 10699 | D:10     | Reached XP level 11. HP: 92/92 MP: 19/19
 10878 | D:10     | Noticed Mandevil's ghost (journeyman FoAM)
 10937 | D:10     | Found a staircase to the Lair.
 11106 | D:10     | Noticed a hill giant
 11117 | D:10     | Killed a hill giant
 11363 | D:10     | Noticed a hill giant
 11389 | D:10     | Killed a hill giant
 12313 | D:10     | Succumbed to Mandevil's ghost's poison

Vault maps used:
D:1:      sevenhm_arrival_forest_fort_small_4
D:2:      minmay_misc_feat_plants, hex_intersection
D:3:      first_bread, tgw_trog, uniq_jessica
D:4:      nicolae_gozag_seed_capital, uniq_eustachio
D:5:      minmay_temple_entry_mist, serial_bayou_lagoon_a, minmay_statues_item,
          uniq_sigmund
D:6:      kennysheep_orc_sif_temple, xom_teletrap_fun, kennysheep_mini,
          lemuel_coloured_pillars_altar, gammafunk_pakellas_spire_experiment
D:7:      yredelemnul_altar_generic, serial_shops, shop, uniq_duvessa
D:8:      minitemple, marbit_many_paths, nicolae_ossuary_entry_ruins,
          uniq_erica, uniq_maurice
D:9:      orc_0_dummy, grunt_livestock, uniq_joseph, uniq_prince_ribbit1
D:10:     dpeg_oklobed_lair
Temple:   roderic_octagonal_lattice_temple

Skill      XL: |  1  2  3  4  5  6  7  8  9 10 11 |
---------------+----------------------------------+-----
Dodging        | 3 4 5 6 7 8 |  8.3
Unarmed Combat | 4 5 6 7 9 |  9.7
Fighting       | 4 5 6 8 9 10 | 10.7
Spellcasting   | 2 4 5 6 |  6.2
Stealth        | |  1.7

Action                   |  1- 3 |  4- 6 |  7- 9 | 10-12 || total
-------------------------+-------+-------+-------+-------++-------
Melee: Unarmed           |    10 |       |       |    21 ||    31
       Mace              |   127 |   125 |    46 |    15 ||   313
       Flail             |       |    23 |   367 |   239 ||   629
       Short sword       |       |       |     1 |    21 ||    22
       Scimitar          |       |       |       |    52 ||    52
Invok: Sacrifice Artific |       |       |     1 |       ||     1
Evoke: Wand              |       |     1 |     1 |       ||     2
  Use: Scroll            |       |     5 |     4 |     5 ||    14
       Potion            |       |       |     5 |     6 ||    11
 Stab: Sleeping          |     7 |       |     7 |     5 ||    19
       Distracted        |       |       |     4 |     2 ||     6
  Eat: Chunk             |     3 |     6 |    18 |    11 ||    38
       Pizza             |       |       |     1 |     2 ||     3
